 Dungeon Crawl Stone Soup version 0.31-a0-750-gfe7b580527 (webtiles) character file.

Game seed: 7163136927983034624

186 LeprechaunX the Changeling (level 5, -2/35 HPs)
             Began as an Octopode Shapeshifter on Sept 14, 2023.
             Succumbed to a kobold brigand's curare-tipped dart
             ... in a sewer.
             The game lasted 00:03:15 (2295 turns).

LeprechaunX the Changeling (Octopode Shapeshifter)  Turns: 2295, Time: 00:03:15

Health: -2/35      AC:  1    Str: 16    XL:     5   Next: 66%
Magic:  5/5        EV: 13    Int: 18    God:
Gold:   59         SH:  0    Dex: 11    Spells: 4/4 levels left

rFire   . . .        a - +0 arbalest
rCold   . . .        (shield currently unavailable)
rNeg    . . .        (helmet currently unavailable)
rPois   .            (no amulet)
rElec   .            h - +6 ring of intelligence
rCorr   .            (no ring)
SInv    .            (no ring)
Will    .....        (no ring)
Stlth   +++          (no ring)
HPRegen 0.25/turn    (no ring)
MPRegen 0.09/turn    (no ring)
                     (no ring)

%: no passive effects
@: brilliant, lethally poisoned (-2 -> -17), beast-form, slowed, very slow
A: beast (slay +2), almost no armour, amphibious, 8 rings, camouflage 1,
gelatinous body 1, nimble swimmer 1, tentacles
a: Begin Untransformation


You were in a sewer.
You were a hulking beast.
You visited 1 branch of the dungeon, and saw 3 of its levels.
You also visited: Sewer.

You collected 59 gold pieces.

Inventory:

Hand Weapons
 a - a +0 arbalest (weapon)
Jewellery
 h - a +6 ring of intelligence (left tentacle)
 m - a ring of wizardry
Talismans
 b - a beast talisman (active)
 c - a flux talisman
 o - a blade talisman
Scrolls
 e - a scroll of identify {unknown}
 g - 5 scrolls of amnesia {unknown}
 q - a scroll of blinking {unknown}
Potions
 d - a potion of might {unknown}
 f - a potion of brilliance
 i - a potion of attraction {unknown}
 j - a potion of enlightenment {unknown}
 k - 2 potions of degeneration {unknown}
 l - a potion of lignification
 n - a potion of curing {unknown}
 p - a potion of ambrosia {unknown}


   Skills:
 + Level 2.3 Fighting
 + Level 3.0 Dodging
 + Level 3.7 Unarmed Combat
 * Level 4.3 Shapeshifting


You had 4 spell levels left.
You didn't know any spells.
Your spell library contained the following spells:

 Spells                   Type           Power      Damage    Failure   Level
 Freeze                   Ice            0%         1d3       22%         1
 Frozen Ramparts          Ice            0%         1d1       54%         3
 Hailstorm                Conj/Ice       0%         3d3       54%         3


Dungeon Overview and Level Annotations

Branches:
Dungeon (3/15)              Sewer (1/1)

Altars:

Shops:
D:1 *   D:3 *


Innate Abilities, Weirdness & Mutations

You are a hulking beast.
Your limbs bulge with bestial killing power. (Slay +2)
You cannot wear most types of armour.
You are amphibious.
You can wear up to eight rings at the same time.
Your skin changes colour to match your surroundings (Stealth+).
Your rubbery body absorbs attacks. (AC +1, EV +1)
You are camouflaged when in or above water. (Stealth+)
You have tentacles for arms and can constrict up to eight enemies at once.


Message History

You shoot a bolt. The bolt barely misses the kobold.
The bolt hits the giant cockroach.
The giant cockroach is almost dead.
You hear a shout!
A kobold brigand comes into view.
It is wielding a +0 short sword and quivering curare-tipped darts.
You shoot a bolt. The bolt barely misses the kobold.
The bolt hits the kobold.
You kill the kobold!
The kobold hits you with a +0 short sword.
The kobold attacks as it pursues you!
The kobold hits you with a +0 short sword.
There is an open door here.
Items here: ( )) †.
You enter the deep water.
The kobold attacks as it pursues you!
The kobold hits you with a +0 short sword.
You shoot a bolt. The bolt hits the giant cockroach!
You kill the giant cockroach!
You shoot a bolt.
The bolt barely misses the kobold brigand.
The bolt hits the kobold!
You kill the kobold!
You shoot a bolt.
The bolt barely misses the kobold brigand.
You shoot a bolt.
The bolt barely misses the kobold brigand.
The kobold brigand throws a curare-tipped dart.
The curare-tipped dart hits you.
You are poisoned.
You have difficulty breathing.
You feel yourself slow down.
You shoot a bolt.
The bolt barely misses the kobold brigand.
You feel very sick.
The kobold brigand throws a curare-tipped dart.
The curare-tipped dart hits you.
You are lethally poisoned!
You have difficulty breathing.
* * * LOW HITPOINT WARNING * * *
You feel as though you will be slow longer.
It was a potion of brilliance.
You feel clever all of a sudden.
You die...

≈~~≈≈≈#...⌠...# #####
###...###
#########'#############
#≈~≈≈≈≈#...#≈~≈≈~≈#≈≈≈#
#~~~.~~..).....≈.≈~~~≈#
#).....#)KK#.....)#~~≈#
#'#######≈#######'#.~≈#
#.....)#≈≈≈#......#~≈≈#
#~~~~..#≈h≈#...~..#~~≈#
#≈~≈≈~...≈...~≈~~≈#≈~~#
#≈≈≈≈≈~#...#≈≈≈≈≈≈#≈≈~#
#≈≈≈≈≈≈#...≈≈≈≈≈≈≈#≈≈≈#
#≈≈≈≈≈≈#...#≈≈≈≈≈≈#~≈≈#
#≈≈≈≈≈≈≈...#≈≈≈≈≈≈#≈≈≈#
#≈≈≈≈≈~#...#~≈≈≈≈≈#≈≈≈#
#≈≈≈≈≈≈#...~~≈≈≈≈≈#≈≈≈#
#≈≈≈≈≈≈≈...≈≈≈≈≈≈≈#≈≈≈#


You could see a kobold brigand and a kobold.

Vanquished Creatures
  A wight (Sewer)
  Jessica (D:3)
  An adder (D:2)
  2 river rats (D:3)
  A shadow imp (Sewer)
  An ufetubus (Sewer)
  An adder zombie (Sewer)
  2 worms
  2 dart slugs
  5 ball pythons
  5 endoplasms
  2 giant cockroaches (Sewer)
  2 goblins
  3 hobgoblins
  A quokka (D:2)
  6 bats
  2 frilled lizards (D:1)
  19 kobolds
  6 rats
63 creatures vanquished.

Notes
Turn   | Place    | Note
-------+----------+-------------------------------------------
     0 | D:1      | LeprechaunX the Octopode Shapeshifter began the quest for
                  | the Orb.
     0 | D:1      | Reached XP level 1. HP: 13/13 MP: 1/1
   165 | D:1      | Reached XP level 2. HP: 18/18 MP: 2/2
   294 | D:1      | Found Pixil's General Store.
   994 | D:2      | Reached XP level 3. HP: 23/23 MP: 3/3
  1928 | D:3      | Found Atzuar's Assorted Antiques.
  2009 | D:3      | Found a glowing drain.
  2016 | D:3      | Reached XP level 4. HP: 19/29 MP: 4/4
  2030 | D:3      | Noticed Jessica
  2044 | D:3      | Killed Jessica
  2067 | Sewer    | Entered a sewer
  2070 | Sewer    | Reached skill level 4 in Shapeshifting
  2175 | Sewer    | Reached XP level 5. HP: 34/34 MP: 5/5
  2236 | Sewer    | Found an ancient bone altar of Kikubaaqudgha.
  2282 | Sewer    | Noticed a kobold brigand
  2295 | Sewer    | Succumbed to a kobold brigand's curare-tipped dart

Illustrated notes

Levels and vault maps discovered:
D:1:      shiori_arrival_maze, layout_loops_ring, serial_forest,
          infiniplex_forest_lined_room_3, infiniplex_forest_clump_double,
          infiniplex_forest_clump_curved, infiniplex_forest_clump_tiny,
          infiniplex_forest_clump_diagonal, infiniplex_forest_lined_3_way,
          infiniplex_forest_end_2, serial_shops, shop, chequers_mini_garden
D:2:      layout_basic, dk_vineyard_3
D:3:      layout_loops_corners, portal_sewer_entry_a, serial_shops,
          nicolae_diamond_shop, nicolae_shop_rolled_up,
          ebering_ghost_reflecting_pool, serial_bayou_pond_c, uniq_jessica
Sewer:    kennysheep_sewer_church

Skill      XL: |  1  2  3  4  5 |
---------------+----------------+-----
Fighting       | 2 |  2.3
Shapeshifting  | 4 |  4.3
Dodging        | 3 |  3.0
Unarmed Combat | |  3.7

Action                     |  1- 3 |  4- 6 || total
---------------------------+-------+-------++-------
  Melee: Unarmed           |    66 |    46 ||   112
         Tentacles         |    10 |     5 ||    15
         Constrict         |    15 |    16 ||    31
         Punch             |     4 |       ||     4
   Fire: Arbalest          |       |    26 ||    26
    Use: Potion            |       |     1 ||     1
   Stab: Sleeping          |     7 |     2 ||     9
 Armour: Skin              |    15 |    27 ||    42
  Dodge: Dodged            |    25 |    44 ||    69

Table legend: (Time is in decaauts)
 A = Elapsed time spent in this place.
 B = Non-inter-level travel time spent in this place.
 C = Inter-level travel time spent in this place.
 D = Time resting spent in this place.
 E = Time spent auto-exploring this place.
 F = Levels seen in this place.
 G = Mean time per level.
                   A        B        C        D        E       F      G
               +--------+--------+--------+--------+--------+-----+--------+
         Total |   2310 |   2239 |     71 |      0 |   1635 |   4 |  577.5 |
       Dungeon |   2060 |   1989 |     71 |      0 |   1513 |   3 |  686.7 |
         Sewer |    250 |    250 |      0 |      0 |    122 |   1 |  250.0 |
               +--------+--------+--------+--------+--------+-----+--------+

Top non-repeatable levels by time:
     D:1: 880 daAuts
     D:2: 865 daAuts
     D:3: 314 daAuts
   Sewer: 250 daAuts
